 Dungeon Crawl Stone Soup version 0.32-a0-17-gb74e046682 (webtiles) character file.

Game seed: 869198134796844841

8680 experimilk the Grappler (level 11, -2/105 HPs)
             Began as a Troll Gladiator on Jan 15, 2024.
             Was a Priest of Hepliaklqana.
             Slain by a rust devil (8 damage)
             ... summoned by a kobold demonologist
             ... on level 10 of the Dungeon.
             The game lasted 00:23:18 (11137 turns).

experimilk the Grappler (Troll Gladiator)          Turns: 11137, Time: 00:23:19

Health: -2/105     AC: -3    Str: 28    XL:     11   Next: 13%
Magic:  14/16      EV: 10    Int: 10    God:    Hepliaklqana [***...]
Gold:   621        SH:  0    Dex: 13    Spells: 10/10 levels left

rFire   . .          .
                       - Unarmed
rCold   . . .        (no shield)
rNeg    . . .        I - +2 robe "Quutolao" {Dex+2}
rPois   +            J - +2 hat
rElec   .            K - +0 cloak
rCorr   .            (gloves unavailable)
SInv    .            (boots unavailable)
Will    .....        v - amulet of faith
Stlth   +            y - +6 ring of intelligence
HPRegen 1.17/turn    B - ring of poison resistance
MPRegen 0.15/turn

%: faith
@: about to teleport, corroded
A: reduced essence, large, unfitting armour, claws 3, regeneration 1, shaggy fur
1, tough skin 1
a: Renounce Religion, Recall Ancestor, Ancestor Identity, Transference


You were on level 10 of the Dungeon.
You worshipped Hepliaklqana.
Hepliaklqana was most pleased with you.
You visited 1 branch of the dungeon, and saw 10 of its levels.
You also visited: Bailey.

You collected 621 gold pieces.

Inventory:

Missiles
 a - 10 poisoned darts (quivered)
 c - 5 boomerangs
 q - 3 throwing nets
 s - a curare-tipped dart
 z - 7 large rocks
Armour
 I - the +2 robe "Quutolao" (worn) {Dex+2}
   (You found it in a bailey)

   Dex+2:     It affects your dexterity (+2).
 J - a +2 hat (worn)
 K - a +0 cloak (worn)
Jewellery
 v - an amulet of faith (around neck)
 y - a +6 ring of intelligence (left claw)
 B - a ring of poison resistance (right claw)
 D - an amulet of guardian spirit
 F - a ring of willpower
Wands
 i - a wand of roots (9)
 p - a wand of light (14)
 u - a wand of flame (21)
 C - a wand of digging (2)
Scrolls
 b - a scroll of immolation {unknown}
 f - a scroll of enchant weapon
 g - a scroll of blinking {unknown}
 h - 6 scrolls of teleportation
 j - a scroll of silence {unknown}
 o - a scroll of revelation {unknown}
 A - a scroll of fear {unknown}
 H - a scroll of enchant armour {unknown}
Potions
 d - a potion of might
 e - 2 potions of berserk rage
 k - 3 potions of enlightenment
 l - a potion of cancellation {unknown}
 m - 4 potions of mutation
 n - 4 potions of curing
 r - a potion of resistance {unknown}
 t - a potion of brilliance {unknown}
 w - 2 potions of haste {unknown}
 x - 4 potions of invisibility
 E - 2 potions of heal wounds {unknown}
 G - 2 potions of magic {unknown}
 L - a potion of lignification {unknown}


   Skills:
 - Level 10.0 Fighting
 - Level 1.7 Throwing
 - Level 2.4 Dodging
 - Level 10.0 Unarmed Combat
 * Level 8.1 Invocations


You had 10 spell levels left.
You didn't know any spells.
Your spell library contained the following spells:

 Spells                   Type           Power      Damage    Failure   Level
 Call Canine Familiar     Summ           0%         N/A       75%         3
 Sigil of Binding         Hex            0%         N/A       75%         3
 Dimensional Bullseye     Hex/Tloc       0%         N/A       98%         4


Dungeon Overview and Level Annotations

Branches:
Dungeon (10/15)            Temple (0/1) D:6            Lair (0/5) D:9
    Orc (0/2) D:9          Bailey (visited)

Altars:
Gozag
Hepliaklqana
Qazlal
Zin

Annotations:
D:3 1 runed translucent door, Crazy Yiuf


Innate Abilities, Weirdness & Mutations

Your life essence is reduced to manifest your ancestor. (-10% HP)
You are too large for most types of armour.
You have claws for hands.
Your natural rate of healing is unusually fast.
You are covered in fur. (AC +1)
You have tough skin. (AC +1)


Message History

The kobold brigand hits you with a +0 whip.
The kobold demonologist hits you with a +0 dagger.
The yak gores Tiberius.
You barely miss the kobold demonologist.
The rust devil barely misses you.
Tiberius hits the ufetubus with a +0 dagger of draining!
The ufetubus dies!
The ufetubus disappears in a puff of smoke!
The iron imp hits you.
Unknown command.
You barely miss the kobold demonologist.
The yak gores Tiberius.
The kobold demonologist hits you with a +0 dagger.
The kobold brigand hits you with a +0 whip.
Tiberius misses the kobold brigand.
The rust devil hits you. The rust devil corrodes you!
Tiberius hits the kobold brigand with a +0 dagger of draining!
You completely miss the kobold demonologist.
The yak barely misses you.
The kobold brigand hits you with a +0 whip!
The kobold demonologist hits you with a +0 dagger.
* * * LOW HITPOINT WARNING * * *
The iron imp hits you.
* * * LOW HITPOINT WARNING * * *
Tiberius gestures at the kobold demonologist while chanting.
The kobold brigand resists with some effort.
The rust devil barely misses you.
As you read the scroll of teleportation, it crumbles to dust.
You feel strangely unstable.
The kobold brigand hits you with a +0 whip.
* * * LOW HITPOINT WARNING * * *
The yak gores you!
* * * LOW HITPOINT WARNING * * *
The kobold demonologist hits you with a +0 dagger.
* * * LOW HITPOINT WARNING * * *
Tiberius hits the kobold brigand with a +0 dagger of draining!
The iron imp hits you.
* * * LOW HITPOINT WARNING * * *
The rust devil hits you!
You die...

###.......
#........
#.#.((..
......
#)().
###.5)
#..K5#
#..K@###
#..4RYY#
#....#Y#
#....#.#
#....# .
##.### ..
#.## ..
#..# ...
##.#


You could see the friendly Tiberius the hexer, a rust devil (summoned), a kobold
demonologist (ally target), 3 yaks, a kobold brigand, an iron imp (summoned) and
an ufetubus (summoned).

Vanquished Creatures
  A deep elf pyromancer (Bailey)
  An orc knight (Bailey)
  Maurice (D:8)
  Jeremiah (D:7)
  A troll (D:9)
  Sigmund (D:5)
  A wraith (D:10)
  The ghost of knightboat the Magician, an amateur OnAE (D:3)
  A yak (D:10)
  Menkaure (D:5)
  A water moccasin (D:7)
  An acid dragon (D:10)
  6 orc warriors
  Duvessa (D:7)
  A sky beast (D:6)
  3 ice beasts (D:7)
  A wolf (D:9)
  4 ogres
  A phantom (D:6)
  3 kobold brigands
  Blork the orc (D:5)
  3 scorpions
  A bullfrog (D:6)
  4 wights
  Dowan (D:7)
  8 killer bees
  5 howler monkeys
  An electric eel (D:9)
  10 orc priests
  A bombardier beetle (D:3)
  9 hounds
  2 jellies
  3 gnoll boudas
  4 iguanas (D:6)
  A sleepcap (D:5)
  5 orc wizards
  Terence (D:2)
  14 gnolls
  8 adders
  2 shadow imps (D:6)
  A white imp (D:5)
  2 ufetubi (D:5)
  4 dart slugs
  3 ribbon worms
  54 orcs
  4 endoplasms
  6 giant cockroaches
  8 goblins
  4 hobgoblins
  11 jackals (D:1)
  18 kobolds
  2 quokkas
  6 ball pythons
  4 bats
  3 rats
246 creatures vanquished.

Vanquished Creatures (collateral kills)
  Gastronok (D:9)
  A yak (D:10)
  A water moccasin (D:8)
  An orc warrior (D:8)
  2 kobold brigands
  A wight (D:8)
  3 killer bees (D:9)
  A hound (D:9)
  2 orc wizards (D:9)
  A gnoll (D:9)
  7 orcs
  A goblin (D:9)
  4 kobolds
26 creatures vanquished.

Vanquished Creatures (others)
  An ancestor (D:7)
1 creature vanquished.

Grand Total: 273 creatures vanquished

Notes
Turn   | Place    | Note
-------+----------+-------------------------------------------
     0 | D:1      | experimilk the Troll Gladiator began the quest for the Orb.
     0 | D:1      | Reached XP level 1. HP: 19/19 MP: 0/0
   136 | D:1      | Reached XP level 2. HP: 24/27 MP: 1/1
   344 | D:1      | Reached XP level 3. HP: 32/33 MP: 2/2
  1170 | D:2      | Reached skill level 5 in Unarmed Combat
  1170 | D:2      | Reached XP level 4. HP: 34/41 MP: 3/3
  1220 | D:2      | Noticed Terence
  1227 | D:2      | Killed Terence
  1432 | D:3      | Reached XP level 5. HP: 46/48 MP: 2/4
  1735 | D:3      | Found a runed translucent gate.
  1735 | D:3      | Found a runed translucent gate.
  1735 | D:3      | Found a runed translucent gate.
  1735 | D:3      | Noticed knightboat's ghost (amateur OnAE)
  1763 | D:3      | Noticed an ogre
  1765 | D:3      | Killed an ogre
  1824 | D:3      | Found a faded altar of an unknown god.
  2022 | D:3      | Reached XP level 6. HP: 54/55 MP: 5/5
  2029 | D:3      | Found a runed translucent door.
  2030 | D:3      | Noticed Crazy Yiuf
  2083 | D:3      | Found a glowing silver altar of Zin.
  2845 | D:4      | Reached XP level 7. HP: 62/62 MP: 6/6
  2972 | D:4      | Found a hazy altar of Hepliaklqana.
  3392 | D:4      | Became a worshipper of Hepliaklqana the Forgotten
  3432 | D:5      | Entered Level 5 of the Dungeon
  3512 | D:5      | Noticed Menkaure
  3521 | D:5      | Killed Menkaure
  3797 | D:5      | Noticed Sigmund
  3802 | D:5      | Killed Sigmund
  3803 | D:5      | Reached skill level 10 in Unarmed Combat
  3803 | D:5      | Reached XP level 8. HP: 65/74 MP: 5/7
  3932 | D:5      | Noticed Blork the orc
  3939 | D:5      | Killed Blork the orc
  4996 | D:6      | Found a staircase to the Ecumenical Temple.
  5036 | D:6      | Reached skill level 5 in Fighting
  5255 | D:6      | Reached XP level 9. HP: 89/89 MP: 8/8
  5385 | D:6      | Reached * piety under Hepliaklqana
  6102 | D:7      | Noticed Duvessa
  6104 | D:7      | Noticed Dowan
  6109 | D:7      | Killed Duvessa
  6126 | D:7      | Killed Dowan
  6584 | D:7      | Noticed Jeremiah
  6597 | D:7      | Killed Jeremiah
  6830 | D:8      | Noticed Maurice
  8041 | D:8      | Noticed a boulder beetle
  8041 | D:8      | Noticed a deep elf pyromancer
  8041 | D:8      | Noticed a cyclops
  8041 | D:8      | Noticed a cyclops
  8050 | D:8      | Noticed a troll
  8050 | D:8      | Noticed a manticore
  8051 | D:8      | Noticed a centaur warrior
  8052 | D:8      | Noticed a purple ugly thing
  8205 | D:8      | Reached ** piety under Hepliaklqana
  8206 | D:8      | Remembered your ancestor Tiberius as a hexer
  8245 | D:8      | Reached XP level 10. HP: 90/96 MP: 9/9
  8256 | D:8      | Maurice stole an amulet of guardian spirit
  8258 | D:8      | Maurice stole 3 throwing nets
  8259 | D:8      | Killed Maurice
  8312 | D:8      | Reached skill level 10 in Fighting
  8312 | D:8      | Reached skill level 1 in Invocations
  8752 | D:8      | Found a stormy altar of Qazlal.
  8752 | D:8      | Found an opulent altar of Gozag.
  9076 | D:3      | Killed knightboat's ghost
  9279 | D:9      | Found a staircase to the Lair.
  9610 | D:9      | Found a flagged portal.
  9628 | Bailey   | Entered a bailey
  9750 | Bailey   | Found a large runed translucent door.
  9750 | Bailey   | Found a large runed translucent door.
  9751 | Bailey   | Noticed a deep elf pyromancer
  9752 | Bailey   | Noticed an orc knight
  9763 | Bailey   | Killed an orc knight
  9764 | Bailey   | Reached skill level 5 in Invocations
  9807 | Bailey   | Killed a deep elf pyromancer
  9822 | Bailey   | Identified the +1 executioner's axe of Extinguishment
                  | {flame, rN+ Int+3}
  9825 | Bailey   | Identified the +0 helmet of Inviolability {rPois Regen+
                  | Int-4}
  9832 | Bailey   | Identified the +2 robe "Quutolao" {Dex+2}
 10329 | D:9      | Noticed Gastronok
 10354 | D:9      | Killed Gastronok
 10355 | D:9      | Reached XP level 11. HP: 26/105 MP: 13/15
 10558 | D:9      | Found a staircase to the Orcish Mines.
 10685 | D:9      | Reached *** piety under Hepliaklqana
 11048 | D:10     | Entered Level 10 of the Dungeon
 11137 | D:10     | Slain by a rust devil

Illustrated notes

Levels and vault maps discovered:
D:1:      dpeg_arrival_round_a, layout_basic
D:2:      layout_loops_cross, uniq_terence
D:3:      layout_loops_ring, nicolae_overflow_ecumenical_swirl,
          ebering_ghost_rock_garden, item_on_display_a, uniq_crazy_yiuf_cottage
D:4:      cheibrodos_pilgrimage, layout_basic, mainiacjoe_overflow_alcove_2
D:5:      layout_cave_pods, uniq_blork_the_orc, uniq_menkaure, uniq_sigmund
D:6:      layout_cave_pools, minmay_temple_entry_ruins,
          minmay_increasing_density
D:7:      layout_loops_cross, serial_bayou_crossing, uniq_jeremiah, uniq_duvessa
D:8:      layout_loops_ring, amethyst_overflow_temple_binary,
          minmay_misc_feat_enclosed, minivault_12, uniq_maurice
D:9:      layout_roguey, erik_lair_island, david_orc_2, enter_bailey_5,
          uniq_gastronok
D:10:     layout_rooms, mainiacjoe_overflow_cross_hatched, old_standard_altar,
          nicolae_transporter_circle

Skill      XL: |  1  2  3  4  5  6  7  8  9 10 11 |
---------------+----------------------------------+-----
Unarmed Combat | 4 5 6 8 10 | 10.0
Fighting       | 2 6 9 10 | 10.0
Invocations    | 7 8 |  8.1
Throwing       | |  1.7
Dodging        | |  2.4

Action                     |  1- 3 |  4- 6 |  7- 9 | 10-12 || total
---------------------------+-------+-------+-------+-------++-------
  Melee: Unarmed           |   101 |    96 |   236 |   133 ||   566
         Punch             |     4 |     3 |     8 |     5 ||    20
  Throw: Dart              |       |    38 |    56 |    26 ||   120
         Large rock        |       |     4 |    10 |       ||    14
         Boomerang         |       |     6 |    50 |     6 ||    62
         Throwing net      |       |       |     4 |       ||     4
 Invoke: Recall Ancestor   |       |       |     1 |       ||     1
         Ancestor Life: He |       |       |     1 |       ||     1
         Transference      |       |       |       |     1 ||     1
  Evoke: Wand              |       |       |     4 |       ||     4
    Use: Scroll            |       |       |     5 |     4 ||     9
         Potion            |       |       |       |     1 ||     1
   Stab: Sleeping          |     1 |       |       |       ||     1
         Held in net/web   |       |       |     1 |       ||     1
         Distracted        |       |       |       |     1 ||     1
 Armour: Robe              |    59 |    63 |   164 |   113 ||   399
  Dodge: Dodged            |    40 |    30 |   101 |    66 ||   237

Table legend: (Time is in decaauts)
 A = Elapsed time spent in this place.
 B = Non-inter-level travel time spent in this place.
 C = Inter-level travel time spent in this place.
 D = Time resting spent in this place.
 E = Time spent auto-exploring this place.
 F = Levels seen in this place.
 G = Mean time per level.
                   A        B        C        D        E       F      G
               +--------+--------+--------+--------+--------+-----+--------+
         Total |  11087 |   9840 |   1247 |   2664 |   5289 |  11 | 1007.9 |
       Dungeon |  10837 |   9590 |   1247 |   2637 |   5289 |  10 | 1083.7 |
        Bailey |    250 |    250 |      0 |     27 |      0 |   1 |  250.0 |
               +--------+--------+--------+--------+--------+-----+--------+

Top non-repeatable levels by time:
     D:7: 2362 daAuts
     D:5: 1365 daAuts
     D:3: 1255 daAuts
     D:9: 1143 daAuts
     D:4: 1122 daAuts
     D:8: 1117 daAuts
     D:6: 1026 daAuts
     D:1: 685 daAuts
     D:2: 660 daAuts
  Bailey: 250 daAuts
    D:10: 97 daAuts
